 Dungeon Crawl Stone Soup version 0.28-a0-750-g7c675f85b1 (webtiles) character file.

Game seed: 12134201447876330098

64 KoroneIsBestGirl the Chiller (level 4, 0/27 HPs)
             Began as an Octopode Ice Elementalist on Oct 29, 2021.
             Slain by a gnoll (4 damage)
             ... on level 2 of the Dungeon.
             The game lasted 00:02:34 (1571 turns).

KoroneIsBestGirl the Chiller (OpIE)                 Turns: 1571, Time: 00:02:34

Health: 0/27       AC:  1    Str:  7    XL:     4   Next: 12%
Magic:  8/8        EV: 13    Int: 18    God:
Gold:   137        SH:  0    Dex: 12    Spells: 7/8 levels left

rFire   . . .      SeeInvis .   c - +0 dagger
rCold   . . .      Faith    .   (no shield)
rNeg    . . .      Spirit   .   (helmet restricted)
rPois   .          Reflect  .   (no amulet)
rElec   .          Harm     .   (no ring)
rCorr   .          Rampage  .   (no ring)
Will    .....                   (no ring)
Stlth   +++.......              (no ring)
HPRegen 0.09/turn               (no ring)
MPRegen 0.11/turn               (no ring)
                                (no ring)
                                (no ring)

@: no status effects
A: almost no armour, amphibious, 8 rings, camouflage 1, gelatinous body 1,
(nimble swimmer 1), tentacles
a: no special abilities


You were on level 2 of the Dungeon.
You visited 1 branch of the dungeon, and saw 2 of its levels.

You collected 137 gold pieces.

Inventory:

Hand Weapons
 c - a +0 dagger (weapon)
Scrolls
 a - a scroll of amnesia {unknown}
 d - a scroll of silence {unknown}
Potions
 b - a potion of attraction {unknown}
 e - a potion of heal wounds {unknown}
 f - a potion of resistance {unknown}


   Skills:
 + Level 2.5 Dodging
 - Level 2.8 Stealth
 + Level 2.6 Spellcasting
 + Level 4.8 Ice Magic


You had 7 spell levels left.
You knew the following spells:

 Your Spells              Type           Power      Damage    Failure   Level
a - Freeze                Ice            76%        1d9       2%          1

Your spell library contained the following spells:

 Spells                   Type           Power      Damage    Failure   Level
 Frozen Ramparts          Ice            38%        1d5       7%          3
 Ozocubu's Armour         Ice            19%        N/A       7%          3
 Summon Small Mammal      Summ           8%         N/A       17%         1
 Call Canine Familiar     Summ           2%         N/A       45%         3
 Conjure Flame            Conj/Fire      2%         6-21      45%         3
 Ignite Poison            Fire/Tmut/Pois 2%         N/A       45%         3
 Summon Guardian Golem    Hex/Summ       2%         N/A       45%         3
 Hailstorm                Conj/Ice       11%        3d5       52%         4
 Sticky Flame             Conj/Fire      2%         2d3       86%         4


Dungeon Overview and Level Annotations

Branches:
Dungeon (2/15)

Altars:


Innate Abilities, Weirdness & Mutations

You cannot wear most types of armour.
You are amphibious.
You can wear up to eight rings at the same time.
Your skin changes colour to match your surroundings (Stealth+).
Your rubbery body absorbs attacks. (AC +1, EV +1)
((You are camouflaged near water. (Stealth+)))
You have tentacles for arms and can constrict up to eight enemies at once.


Message History

You freeze the endoplasm!
You kill the endoplasm!
You can't see any susceptible monsters within range! (Use Z to cast anyway.)
You can't see any susceptible monsters within range! (Use Z to cast anyway.)
A gnoll comes into view. It is wielding a +0 whip.
A gnoll is nearby!
A gnoll is nearby!
A jackal and a gnoll come into view.
The gnoll shouts! x2
A gnoll comes into view. It is wielding a +0 whip.
You hear a bark!
The gnoll shouts!
A jackal comes into view.
Casting: Freeze (safe; 2% risk of failure)
Confirm with . or Enter, or press ? or * to list all spells.
You don't know that spell.
Okay, then.
A jackal comes into view.
The jackal bites you. The jackal barely misses you.
The jackal closely misses you.
The gnoll throws a throwing net.
The throwing net hits you.
You become entangled in the net!
The jackal closely misses you.
You see here a throwing net.
You struggle against the net.
The jackal bites you but does no damage.
You struggle against the net.
The jackal bites you.
You struggle against the net.
The jackal bites you. The gnoll hits you with a +0 whip.
The jackal barely misses you. The gnoll hits you with a +0 whip!
You struggle against the net.
The gnoll closely misses you. The jackal barely misses you.
The gnoll barely misses you.
You rip the net and break free!
The jackal closely misses you. The gnoll hits you with a +0 whip.
* * * LOW HITPOINT WARNING * * *
The gnoll barely misses you. The jackal bites you.
* * * LOW HITPOINT WARNING * * *
The gnoll misses you. The gnoll hits you with a +0 whip.
You die...

######### #.......# ###
##.......##############..
[.......†...............≈
##.......###############≈
#.......# #≈≈ #.....g@#
##≈≈ ####### #.h..hg.####
#≈≈≈ .....h####.....gh...#
#≈≈≈ ..................).#
##≈≈≈
###h..##########....#######
#≈≈≈≈ #...# #..........#
#≈≈≈≈ #...# #..........#
#≈≈≈≈ ###.# #..........#
#≈≈≈≈ #.# #....#######
#≈≈≈≈


You could see 3 gnolls and 3 jackals.

Vanquished Creatures
  Natasha (D:2)
  A worm (D:2)
  A dart slug (D:1)
  An orc (D:2)
  4 ball pythons
  2 bats
  3 endoplasms
  2 giant cockroaches (D:1)
  A goblin (D:1)
  5 hobgoblins
  2 kobolds
  2 quokkas
  5 rats
30 creatures vanquished.

Notes
Turn   | Place    | Note
-------+----------+-------------------------------------------
     0 | D:1      | KoroneIsBestGirl the Octopode Ice Elementalist began the
                  | quest for the Orb.
     0 | D:1      | Reached XP level 1. HP: 11/11 MP: 3/3
    80 | D:1      | Reached XP level 2. HP: 17/17 MP: 1/5
   866 | D:1      | Reached XP level 3. HP: 20/21 MP: 3/6
  1405 | D:2      | Noticed Natasha
  1411 | D:2      | Killed Natasha
  1412 | D:2      | Reached XP level 4. HP: 18/27 MP: 3/8
  1571 | D:2      | Slain by a gnoll

Illustrated notes

Levels and vault maps discovered:
D:1:      co_arrival_square_in_a_square_in_a_square, layout_loops_ring,
          minmay_split_cup_small
D:2:      wander_river, layout_basic, uniq_natasha

Action                   |  1- 3 |  4- 6 || total
-------------------------+-------+-------++-------
Melee: Dagger            |     6 |       ||     6
       Constrict         |     2 |       ||     2
       Tentacles         |     1 |       ||     1
 Cast: Freeze            |    42 |     1 ||    43
Armor: Skin              |     4 |     1 ||     5
Dodge: Dodged            |    22 |    10 ||    32

Table legend: (Time is in decaauts)
 A = Elapsed time spent in this place.
 B = Non-inter-level travel time spent in this place.
 C = Inter-level travel time spent in this place.
 D = Time resting spent in this place.
 E = Time spent auto-exploring this place.
 F = Levels seen in this place.
 G = Mean time per level.
                   A        B        C        D        E       F      G
               +--------+--------+--------+--------+--------+-----+--------+
         Total |   1570 |   1531 |     39 |      0 |   1328 |   2 |  785.0 |
       Dungeon |   1570 |   1531 |     39 |      0 |   1328 |   2 |  785.0 |
               +--------+--------+--------+--------+--------+-----+--------+

Top non-repeatable levels by time:
     D:1: 984 daAuts
     D:2: 585 daAuts
